 Dungeon Crawl Stone Soup version 0.31-a0-963-ga325b2283a (webtiles) character file.

Game seed: 1563830123082023528

44 LeprechaunX the Changeling (level 3, -23/24 HPs)
             Began as an Octopode Shapeshifter on Oct 26, 2023.
             Was a Believer of Jiyva.
             Annihilated by an ogre
             ... wielding a +0 giant spiked club
              (32 damage)
             ... on level 2 of the Dungeon.
             The game lasted 00:01:04 (1093 turns).

LeprechaunX the Changeling (Octopode Shapeshifter)  Turns: 1093, Time: 00:01:05

Health: -23/24     AC:  1    Str: 13    XL:     3   Next: 62%
Magic:  3/3        EV: 13    Int: 12    God:    Jiyva [**....]
Gold:   58         SH:  0    Dex: 13    Spells: 2/2 levels left

rFire   . .          .
                       - Unarmed
rCold   . . .        (no shield)
rNeg    . . .        (helmet currently unavailable)
rPois   .            (no amulet)
rElec   .            (no ring)
rCorr   +            (no ring)
SInv    .            (no ring)
Will    .....        (no ring)
Stlth   ++           (no ring)
HPRegen 1.20/turn    (no ring)
MPRegen 0.38/turn    (no ring)
                     (no ring)

%: no passive effects
@: beast-form
A: beast (slay +2), almost no armour, amphibious, 8 rings, camouflage 1,
gelatinous body 1, (nimble swimmer 1), tentacles
a: Begin Untransformation, Renounce Religion


You were on level 2 of the Dungeon.
You worshipped Jiyva.
Jiyva was pleased with you.
You were a hulking beast.
You visited 1 branch of the dungeon, and saw 2 of its levels.

You collected 58 gold pieces.

Inventory:

Talismans
 b - a beast talisman
 c - a flux talisman
Scrolls
 f - a scroll of teleportation {unknown}
 h - 2 scrolls of poison {unknown}
Potions
 a - a potion of lignification
 d - a potion of cancellation {unknown}
 e - a potion of enlightenment {unknown}
 g - a potion of degeneration {unknown}
 i - a potion of haste {unknown}


   Skills:
 + Level 1.8 Fighting
 - Level 2.0 Dodging
 + Level 3.4 Unarmed Combat
 * Level 3.7 Shapeshifting


You had 2 spell levels left.
You didn't know any spells.
Your spell library was empty.

Dungeon Overview and Level Annotations

Branches:
Dungeon (2/15)

Altars:
Jiyva


Innate Abilities, Weirdness & Mutations

You are a hulking beast.
Your limbs bulge with bestial killing power. (Slay +2)
You cannot wear most types of armour.
You are amphibious.
You can wear up to eight rings at the same time.
Your skin changes colour to match your surroundings (Stealth+).
Your rubbery body absorbs attacks. (AC +1, EV +1)
((You are camouflaged when in or above water. (Stealth+)))
You have tentacles for arms and can constrict up to eight enemies at once.


Message History

You kill the ball python!
You constrict the adder.
You kill the adder!
No target in view!
No target in view!
No target in view!
No target in view!
No target in view!
No target in view!
No target in view!
No target in view!
No target in view!
No target in view!
No target in view!
No target in view!
No target in view!
No target in view!
HP restored.
You see here an adder corpse.
You hear a distant slurping noise.
You hear a distant slurping noise.
Things that are here:
a +0 club; a +0 sling; a goblin corpse You hear a distant slurping noise.
Found a stone staircase leading down.
You hear a distant slurping noise.
An ogre comes into view. It is wielding a +0 giant spiked club.
The ogre shouts!
An ogre is nearby!
An ogre is nearby!
An ogre is nearby!
You tentacle-slap the ogre. You squeeze the ogre.
The ogre is lightly wounded.
The ogre hits you with a +0 giant spiked club!!
Ouch! That really hurt!
* * * LOW HITPOINT WARNING * * *
The ogre attacks as it pursues you!
The ogre hits you with a +0 giant spiked club!!
Ouch! That really hurt!
You die...

#.##.######.....#.#
#.##.# .# #.....#.#
#.##.# .# #.....#.#
#.##.#..####....#.#
#.##.#........#.#.#
#.##............#.#
................>.#
#.##############O.# +...
.........#h.#
#.................#
....##########....#
#.... ...........###.#
#.#.#..#######.........
#.#..........#.######..
#.# .#.#####...# #.#
#...#
#.##########.#.######..#


You could see an ogre.

Vanquished Creatures
  An adder (D:2)
  A worm (D:2)
  2 dart slugs (D:1)
  3 ball pythons
  A giant cockroach (D:1)
  2 goblins
  4 hobgoblins (D:1)
  A quokka (D:2)
  7 bats
  A frilled lizard (D:2)
  3 kobolds
  3 rats (D:1)
29 creatures vanquished.

Vanquished Creatures (others)
  A bat (D:2)
  An endoplasm (D:2)
  3 frilled lizards (D:2)
  A kobold (D:2)
  A rat (D:2)
7 creatures vanquished.

Grand Total: 36 creatures vanquished

Notes
Turn   | Place    | Note
-------+----------+-------------------------------------------
     0 | D:1      | LeprechaunX the Octopode Shapeshifter began the quest for
                  | the Orb.
     0 | D:1      | Reached XP level 1. HP: 13/13 MP: 1/1
   128 | D:1      | Reached XP level 2. HP: 15/18 MP: 2/2
   338 | D:1      | Found a faded altar of an unknown god.
   387 | D:1      | Prayed at the altar of an unknown god.
   387 | D:1      | Became a worshipper of Jiyva Jozegg the Shapeless
   387 | D:1      | Reached * piety under Jiyva
   822 | D:2      | Reached XP level 3. HP: 23/23 MP: 3/3
   900 | D:2      | Reached ** piety under Jiyva
  1089 | D:2      | Noticed an ogre
  1093 | D:2      | Annihilated by an ogre

Illustrated notes

Levels and vault maps discovered:
D:1:      psy_arrival_statuary, layout_loops_cross,
          dreamdust_ecumenical_altar_angels_and_demons,
          nicolae_concentric_dashed_squares_mild,
          chequers_serial_rivers_small_b, serial_bayou_ford_a
D:2:      layout_basic

Action                     || total
---------------------------++-------
  Melee: Unarmed           ||    51
         Constrict         ||    14
         Tentacles         ||    10
         Punch             ||     2
   Stab: Sleeping          ||     7
 Armour: Skin              ||    21
  Dodge: Dodged            ||    25

Table legend: (Time is in decaauts)
 A = Elapsed time spent in this place.
 B = Non-inter-level travel time spent in this place.
 C = Inter-level travel time spent in this place.
 D = Time resting spent in this place.
 E = Time spent auto-exploring this place.
 F = Levels seen in this place.
 G = Mean time per level.
                   A        B        C        D        E       F      G
               +--------+--------+--------+--------+--------+-----+--------+
         Total |   1090 |   1038 |     52 |      0 |    864 |   2 |  545.0 |
       Dungeon |   1090 |   1038 |     52 |      0 |    864 |   2 |  545.0 |
               +--------+--------+--------+--------+--------+-----+--------+

Top non-repeatable levels by time:
     D:1: 812 daAuts
     D:2: 277 daAuts
